 Dungeon Crawl Stone Soup version 0.30-a0-772-g5528072125 (webtiles) character file.

Game seed: 2422871764863114477

558070 holysushi the Acrobat (level 25, -5/183 (192) HPs)
             Began as a Vine Stalker Monk on Feb 13, 2023.
             Was an Initiate of Gozag.
             Killed by an exploding bennu (16 damage)
             ... ignited by themself
             ... on level 2 of the Tomb of the Ancients.
             The game lasted 01:53:25 (54383 turns).

holysushi the Acrobat (Vine Stalker Monk)          Turns: 54383, Time: 01:53:25

HP:   -5/183 (192)  AC: 15    Str: 14    XL:     25   Next: 92%
MP:   0/47          EV: 52    Int: 27    God:    Gozag
Gold: 10548         SH: 42    Dex: 49    Spells: 41/63 levels left

rFire   + + +      SeeInvis +    v - +9 rapier (chaos)
rCold   + + .      Faith    .    o - +6 tower shield {rF+}
rNeg    + . .      Spirit   +    x - +4 robe "Doddukk" {rF+ rN+}
rPois   +          Reflect  +    a - +2 hat of Hadjma {Int+8}
rElec   +          Harm     .    y - +2 cloak {Will+}
rCorr   +          Rampage  .    X - +0 pair of gloves of Birdsong {rC+ Dex+6}
Will    ++++.      Clarity  +    F - +0 pair of boots "Seulenk" {Fly rCorr Dex+4 SInv} Stlth
                                 C - amulet "Woseanin" {Reflect Fragile Int+9 SH+5}
HPRegen 1.30/turn                n - +6 ring of dexterity
MPRegen 0.30/turn                e - +6 ring of dexterity

@: mighty, berserking, lethally poisoned (-5 -> -12), resistant, gold aura,
flying, hasted and slowed, lightly drained
A: fangs 3, regeneration 1, magic shield, antimagic bite, no potion heal 2,
iridescent scales 1, clarity, weak 1
}: 4/15 runes: serpentine, slimy, silver, abyssal
a: Renounce Religion, Potion Petition, Call Merchant, Bribe Branch


You were on level 2 of the Tomb of the Ancients.
You worshipped Gozag.
Gozag was extremely pleased with you.
You visited 12 branches of the dungeon, and saw 50 of its levels.
You visited the Abyss 4 times.
You also visited: Sewer.

You collected 30809 gold pieces.
You spent 6144 gold pieces at shops.
You paid 14117 gold pieces to Gozag.

Inventory:

Hand Weapons
 v - a +9 rapier of chaos (weapon)
Armour
 a - the +2 hat of Hadjma (worn) {Int+8}
   (You found it on level 2 of the Vaults)

   Int:       It affects your intelligence (+8).
 o - a +6 tower shield of fire resistance (worn)
 w - the +0 hat of the Elven Halls {Dex+4}
   (You found it on level 2 of the Vaults)

   Dex:       It affects your dexterity (+4).
 x - the +4 robe "Doddukk" (worn) {rF+ rN+}
   (You found it on level 4 of the Dungeon)

   rF:        It protects you from fire.
   rN:        It protects you from negative energy.
 y - a +2 cloak of willpower (worn)
 F - the +0 pair of boots "Seulenk" (worn) {Fly rCorr Dex+4 SInv}
   (You acquired it on level 9 of the Dungeon)

   Dex:       It affects your dexterity (+4).
   SInv:      It lets you see invisible.
   Fly:       It grants you flight.
   rCorr:     It protects you from acid and corrosion.
 X - the +0 pair of gloves of Birdsong (worn) {rC+ Dex+6}
   (You bought it in a shop on level 5 of the Lair of Beasts)

   Dex:       It affects your dexterity (+6).
   rC:        It protects you from cold.
Jewellery
 e - a +6 ring of dexterity (right hand)
 n - a +6 ring of dexterity (left hand)
 C - the amulet "Woseanin" (around neck) {Reflect Fragile Int+9 SH+5}
   (You found it on level 5 of the Vaults)

   [amulet of reflection]

   It reflects blocked missile attacks.
   Int:       It affects your intelligence (+9).
   Fragile:   It will be destroyed if unequipped.
   SH:        It affects your SH (+5).
 H - a +4 ring of slaying
 J - the ring "Nyh Jeus" {rPois rF+ Will+}
   (You took it off a deep elf annihilator on level 3 of the Elven Halls)

   [ring of willpower]

   rF:        It protects you from fire.
   rPois:     It protects you from poison.
   Will:      It increases your willpower.
 N - the ring "Jiruhy" {rPois rCorr}
   (You took it off a deep elf demonologist on level 3 of the Elven Halls)

   [ring of resist corrosion]

   rPois:     It protects you from poison.
   rCorr:     It protects you from acid and corrosion.
 P - a +6 ring of intelligence
Wands
 m - a wand of roots (34)
 p - a wand of flame (58)
 A - a wand of quicksilver (28)
 B - a wand of digging (13)
 T - a wand of paralysis (22)
 V - a wand of mindburst (12)
Scrolls
 k - 12 scrolls of immolation
 q - 9 scrolls of magic mapping
 r - 3 scrolls of blinking
 u - 3 scrolls of enchant weapon
 K - 14 scrolls of teleportation
 L - 10 scrolls of fear
 M - 7 scrolls of silence
 Q - a scroll of butterflies
 R - 8 scrolls of fog
 S - 10 scrolls of amnesia
 Y - 10 scrolls of vulnerability
Potions
 b - 6 potions of haste
 c - 6 potions of ambrosia
 d - 11 potions of attraction
 f - 6 potions of might
 g - 13 potions of flight
 h - 5 potions of lignification
 i - 5 potions of cancellation
 j - 24 potions of curing
 s - a potion of berserk rage
 z - a potion of resistance
 E - 2 potions of mutation
 G - 5 potions of brilliance
 I - 3 potions of invisibility
 U - 2 potions of magic
Miscellaneous
 l - a box of beasts
 t - a condenser vane (inert)
 D - a phantom mirror
 O - a phial of floods
 W - a tin of tremorstones (2/2)
 Z - a lightning rod (4/4)


   Skills:
 - Level 12.0 Fighting
 - Level 14.0 Short Blades
 + Level 21.3 Dodging
 - Level 16.0 Stealth
 + Level 20.4 Shields
 + Level 19.5 Spellcasting
 + Level 7.6 Translocations
 - Level 10.0 Evocations


You had 41 spell levels left.
You knew the following spells:

 Your Spells              Type           Power      Damage    Failure   Level
a - Apportation           Tloc           100%       N/A       1%          1
b - Mephitic Cloud        Conj/Pois/Air  26%        N/A       10%         3
c - Vhi's Electric Charg  Tloc/Air       92%        N/A       1%          3
d - Manifold Assault      Tloc           61%        N/A       1%          4
e - Passage of Golubria   Tloc           61%        N/A       1%          4
f - Yara's Violent Unrav  Hex/Tmut       13%        3d7       65%         5
g - Blink                 Tloc           100%       N/A       1%          2

Your spell library contained the following spells:

 Spells                   Type           Power      Damage    Failure   Level
 Lesser Beckoning         Tloc           100%       N/A       1%          2
 Gell's Gravitas          Tloc           61%        N/A       1%          3
 Portal Projectile        Hex/Tloc       92%        N/A       1%          3
 Teleport Other           Tloc           61%        N/A       1%          3
 Beastly Appendage        Tmut           52%        N/A       3%          1
 Foxfire                  Conj/Fire      100%       2x1d9     3%          1
 Magic Dart               Conj           100%       1d8       3%          1
 Necrotise                Necr           100%       1d9       3%          1
 Shock                    Conj/Air       100%       1d9       3%          1
 Slow                     Hex            100%       N/A       3%          1
 Sting                    Tmut/Pois      100%       1d8       3%          1
 Summon Small Mammal      Summ           100%       N/A       3%          1
 Call Imp                 Summ           26%        N/A       4%          2
 Ensorcelled Hibernation  Hex/Ice        52%        N/A       4%          2
 Passwall                 Tmut/Erth      21%        N/A       4%          2
 Poisonous Vapours        Pois/Air       52%        N/A       4%          2
 Searing Ray              Conj           52%        2d6       4%          2
 Sublimation of Blood     Necr           26%        N/A       4%          2
 Wereblood                Tmut           26%        N/A       4%          2
 Call Canine Familiar     Summ           26%        N/A       10%         3
 Dazzling Flash           Conj/Hex       52%        N/A       10%         3
 Inner Flame              Hex/Fire       26%        N/A       10%         3
 Spider Form              Tmut/Pois      26%        N/A       10%         3
 Summon Guardian Golem    Hex/Summ       26%        N/A       10%         3
 Swiftness                Air            26%        N/A       10%         3
 Tukima's Dance           Hex            26%        N/A       10%         3
 Summon Forest            Summ/Tloc      23%        N/A       19%         5
 Dispersal                Tloc           30%        N/A       22%         6
 Airstrike                Air            13%        2d(2-18)  32%         4
 Cause Fear               Hex            13%        N/A       32%         4
 Flame Wave               Conj/Fire      26%        2d8       32%         4
 Fulminant Prism          Conj/Hex       13%        3d8       32%         4
 Leda's Liquefaction      Hex/Erth       13%        N/A       32%         4
 Olgreb's Toxic Radiance  Pois           26%        N/A       32%         4
 Petrify                  Tmut/Erth      26%        N/A       32%         4
 Sticky Flame             Conj/Fire      26%        2d5       32%         4
 Summon Ice Beast         Ice/Summ       26%        N/A       32%         4
 Arcjolt                  Conj/Air       13%        1d23      65%         5
 Blade Hands              Tmut           13%        N/A       65%         5
 Fireball                 Conj/Fire      13%        3d7       65%         5
 Iskenderun's Battlesphe  Conj           26%        2d8       65%         5
 Metabolic Englaciation   Hex/Ice        13%        N/A       65%         5
 Silence                  Hex/Air        13%        N/A       65%         5
 Summon Mana Viper        Hex/Summ       26%        N/A       65%         5
 Eringya's Noxious Bog    Tmut/Pois      13%        N/A       99%         6
 Iron Shot                Conj/Erth      13%        9d3       99%         6
 Starburst                Conj/Fire      13%        6d5       99%         6
 Statue Form              Tmut/Erth      17%        N/A       99%         6
 Malign Gateway           Summ/Tloc      23%        N/A       99%         7
 Dragon Form              Tmut           13%        N/A       100%        7
 Enfeeble                 Hex            13%        N/A       100%        7
 Monstrous Menagerie      Summ           13%        N/A       100%        7
 Orb of Destruction       Conj           13%        9d7       100%        7
 Ozocubu's Refrigeration  Ice            13%        4d10      100%        7
 Spellforged Servitor     Conj/Summ      13%        N/A       100%        7
 Storm Form               Tmut/Air       13%        N/A       100%        7
 Summon Hydra             Summ           13%        N/A       100%        7
 Discord                  Hex            13%        N/A       100%        8
 Ignition                 Fire           13%        3d6       100%        8
 Lehudib's Crystal Spear  Conj/Erth      13%        10d4      100%        8
 Maxwell's Capacitive Co  Air            13%        ∞         100%        8
 Summon Horrible Things   Summ           13%        N/A       100%        8
 Chain Lightning          Conj/Air       13%        3d17      100%        9
 Dragon's Call            Summ           13%        N/A       100%        9
 Fire Storm               Conj/Fire      13%        8d3       100%        9
 Shatter                  Erth           13%        3d13*     100%        9


Dungeon Overview and Level Annotations

Branches:
Dungeon (15/15) Zot: 25513  Temple (1/1) D:5 Zot: 5888    Lair (5/5) D:10 Zot: 24121
  Swamp (4/4) Lair:2 Zot: 21978   Snake (4/4) Lair:3 Zot: 18978   Slime (5/5) Lair:5 Zot: 25859
    Orc (2/2) D:9 Zot: 10204     Elf (3/3) Orc:2 Zot: 14577  Vaults (5/5) D:13 Zot: 23424
  Crypt (3/3) Vaults:3 Zot: 14740    Tomb (2/3) Crypt:3 Zot: 10929  Depths (1/4) D:15 Zot: 4741
  Sewer (visited)

Altars:
Ashenzari
Cheibriados
Dithmenos
Elyvilon
Fedhas
Gozag
Hepliaklqana
Kikubaaqudgha
Makhleb
Nemelex Xobeh
Okawaru
Qazlal
Ru
Sif Muna
Trog
Uskayaw
Vehumet
Wu Jian
Xom
Yredelemnul
Zin
The Shining One
Jiyva

Shops:
D:6 :   D:8 *   D:15 [   Orc:1 (   Orc:2 [!![   Elf:1 [   Elf:3 *(   Lair:4 :((
Lair:5 [   Snake:1 (**   Snake:4 =(*:   Vaults:1 ([[   Vaults:2 (   Vaults:4 [

Portals:
Hell: Depths:1
Abyss: Swamp:2 Depths:1
Pandemonium: Depths:1

Annotations:
D:5 1 runed translucent door, Crazy Yiuf
Swamp:2 2 transporters, Naurph's ghost, adept DjVM
Swamp:4 Lernaean hydra
Snake:2 2 transporters, Uvorix's ghost, journeyman DrRe
Elf:1 6 runed translucent doors
Elf:2 5 runed translucent doors


Innate Abilities, Weirdness & Mutations

You have razor-sharp teeth.
Your natural rate of healing is unusually fast.
When hurt, damage is shared between your health and your magic reserves.
Your bite disrupts and absorbs the magic of your enemies.
Potions cannot restore your health.
You are partially covered in iridescent scales. (AC +2)
You possess an exceptional clarity of mind.
You are weak. (Str -2)


Message History

The emperor scorpion completely misses you.
* * * LOW HITPOINT WARNING * * *
You feel very sick.
The emperor scorpion is no longer distracted by gold. x2
The bennu completely misses you. You block the bennu's attack.
The bennu barely misses you.
The emperor scorpion is distracted by your dazzling golden aura.
The royal mummy is engulfed in blazing flames. x3
The mummy is distracted by your dazzling golden aura.
The ushabti is engulfed in blazing flames.
You puncture the bennu!
The bennu is poisoned.
The bennu is moderately wounded.
You feel sick.
The mummy is no longer distracted by gold.
The royal mummy is no longer distracted by gold.
You block the bennu's attack. x3
The emperor scorpion is distracted by your dazzling golden aura.
You block the emperor scorpion's attack.
The emperor scorpion claws you but does no damage.
The emperor scorpion completely misses you.
The royal mummy is engulfed in blazing flames.
The royal mummy is distracted by your dazzling golden aura.
The royal mummy is engulfed in blazing flames. x2
The royal mummy is distracted by your dazzling golden aura.
The iron dragon skeleton is engulfed in blazing flames.
You impale the bennu!! You freeze the bennu! You bite the bennu!
The bennu renews itself in a burst of flame!
The bennu blazes out!
The pyre of ghostly fire engulfs the iron dragon skeleton.
The iron dragon skeleton completely resists.
The pyre of ghostly fire engulfs the royal mummy.
The royal mummy completely resists.
The royal mummy is no longer distracted by gold.
The pyre of ghostly fire engulfs the emperor scorpion!!
The emperor scorpion is drained!
The pyre of ghostly fire engulfs the ushabti.
The ushabti completely resists.
The pyre of ghostly fire engulfs you!! You partially resist.
You feel drained.
You die...
Your body crumbles into a pile of gold.

*,,^,.M..#.....#...#....$*,,,*,,,
****###..#zM.§#§§§§§#..,.*,,,*,,,
*,,,,,#...#..#M§§§§§§#,.#,,,,*,^^
*,,,,,#...#..#§§§§§§.#..#,,,,***+
*^,,,,#...#.#.§§§§§§..#,*,,,,*,^^
*,,^,,#..,.##.§§M§§...##,,,,,*,^,
*,,,,,*,,..#..§Z9.s....#,,,,,*,,,
*,,,,,*,..,##.§M§s.s..##,,,,,*,,,
*,,,,,*,,,*,#...@s....#,*^,,,*<,^
*,,,,,*,,,#..#.b.....#..#,,,,*,,,
*,,,^,*,,,#..#.......#,.#,,,,*,,,
*,,,,,*,,#(...#.....#)...*,,^*,,,
*^,,,,*,,#.....#...#....,*,,,*,,,
*<,,^,*,,#......###......*,,,*,,,
***+***,,#..^...,,,......*,,,***+
*,,^,,*,,.......,,,.....,,,,,*,,,
*,^,,,+,,,,,,,,,,,,,,,,,,,,,,*,^,


You could see 3 royal mummies, 4 emperor scorpions, a bennu, a skeletal warrior,
an ushabti (catching breath), a mummy and an iron dragon skeleton.

Vanquished Creatures
  the Royal Jelly (Slime:5)
  2 ancient liches
  A royal mummy (Tomb:2)
  Saint Roka (Snake:4)
  Vashnia (Snake:3)
  A pearl dragon (Abyss:3)
  A Brimstone Fiend (Tomb:1)
  A golden dragon (Vaults:5)
  2 bone dragons (Abyss:3)
  Zenata (Crypt:2)
  A hellephant (Abyss:3)
  4 tentacled monstrosities
  3 titans (Vaults:5)
  7 liches
  10 acid blobs
  8 tentacled starspawn (Abyss:3)
  6 tengu reavers
  11 sphinxes
  A deep elf master archer (Elf:3)
  8 ancient champions
  4 shadow dragons
  5 nagarajas
  3 frost giants
  6 rockslimes
  Roxanne (Snake:2)
  A revenant (Tomb:1)
  2 iron dragons (Vaults:5)
  4 azure jellies
  2 fire giants
  10 deep elf sorcerers
  19 vault wardens
  A daeva (Depths:1)
  6 deep elf elementalists
  Louise (Snake:4)
  Aizul (Snake:1)
  A curse skull (Crypt:3)
  A caustic shrike zombie (Crypt:3)
  8 ghouls
  A draconian shifter (Abyss:3)
  A ghost moth (Abyss:3)
  14 ironbound preservers
  A reaper (Crypt:1)
  2 orc warlords
  8 very ugly things
  6 quicksilver oozes
  18 vampire knights
  7 ironbound thunderhulks
  4 war gargoyles
  A very ugly thing (shapeshifter) (Vaults:4)
  4 stone giants
  A bennu (Tomb:2)
  7 deep elf annihilators
  Nessos (Lair:3)
  9 deep elf demonologists
  16 dire elephants
  Azrael (D:14)
  2 eleionomae
  5 bunyips
  A spark wasp (Depths:1)
  4 deep elf death magi
  5 crystal guardians
  2 eidola (Crypt:2)
  An entropy weaver (shapeshifter) (Vaults:5)
  5 mummy priests
  5 ettins (Vaults:5)
  3 fire dragons
  16 jiangshi
  4 deep elf high priests
  15 yaktaur captains
  11 great orbs of eyes
  2 spriggan zombies (Crypt:2)
  20 hydras
  A spriggan skeleton (Abyss:3)
  4 rakshasas (Abyss:3)
  4 ghost crabs
  3 peacekeepers
  2 ogre magi (D:13)
  A radroach (shapeshifter) (D:13)
  24 centaur warriors
  2 ice dragons
  7 salamander tyrants
  5 boulder beetles
  8 ironbound frosthearts
  31 vault guards
  2 death knights
  2 catoblepae
  14 naga warriors
  7 two-headed ogres
  7 alligators
  12 dancing weapons
  3 tengu warriors (D:13)
  6 death yaks (Lair:5)
  9 anacondas
  A deep troll shaman (Depths:1)
  8 deep troll earth magi
  3 hell hogs (Abyss:3)
  4 orc high priests
  14 thrashing horrors (Abyss:3)
  11 vampire magi
  18 deep elf knights
  16 naga sharpshooters
  10 shock serpents
  A hell knight (Vaults:5)
  2 soul eaters (Abyss:3)
  8 wretched stars (Abyss:3)
  2 shadow wraiths
  2 sixfirhies (Abyss:3)
  35 skeletal warriors
  5 goliath frogs
  A deep troll (shapeshifter) (Vaults:5)
  A salamander mystic (Snake:3)
  3 spatial maelstroms (Abyss:3)
  A fire crab (shapeshifter) (Elf:3)
  5 naga ritualists
  A spriggan druid (Swamp:4)
  A golden dragon zombie (Crypt:3)
  A sea snake (Snake:3)
  4 iron trolls
  36 deep trolls
  2 flayed ghosts
  An orb spider (Vaults:4)
  A glowing orange brain (Vaults:4)
  A fenstrider witch simulacrum (Crypt:2)
  3 bog bodies
  4 swamp dragons
  10 wizards
  17 orc knights
  15 ironbound convokers
  4 mana vipers
  10 harpies
  20 deep elf zephyrmancers
  3 necromancers (Crypt:2)
  18 deep elf archers
  22 lindwurms
  A goliath frog zombie (Crypt:1)
  29 phantasmal warriors
  6 orc sorcerers
  21 ugly things
  24 deep elf pyromancers
  9 manticores
  5 oklob plants
  A glowing shapeshifter (Depths:1)
  5 cyclopes
  24 elephants
  A manticore (shapeshifter) (D:13)
  5 will-o-the-wisps
  11 salamanders
  4 worldbinders (Abyss:3)
  2 shining eyes
  A dire elephant zombie (Crypt:2)
  20 guardian serpents
  3 naga zombies (Crypt:3)
  A torpor snail (Lair:3)
  Maurice (D:9)
  2 orange demons (Abyss:3)
  2 centaur zombies
  25 naga magi
  An apocalypse crab (Abyss:3)
  16 vault sentinels
  2 eyes of devastation (Slime:4)
  2 gargoyles
  2 cane toads (shapeshifter)
  23 cane toads
  37 black mambas
  A demonic crawler (Abyss:3)
  Psyche (D:9)
  3 centaur skeletons (D:13)
  A dire elephant skeleton (Crypt:2)
  11 komodo dragons
  7 smoke demons (Abyss:3)
  2 hellions (Abyss:3)
  A rime drake (shapeshifter) (Depths:1)
  A kobold demonologist (D:13)
  A steelbarb worm zombie (Crypt:1)
  41 yaktaurs
  4 rime drakes
  A catoblepas zombie (Crypt:3)
  4 freezing wraiths
  4 efreet
  17 guardian mummies
  6 ancient zymes (Abyss:3)
  A tormentor (Abyss:3)
  An anaconda simulacrum (Crypt:2)
  2 tengu conjurers
  3 harpy zombies
  A meliai (D:11)
  A bloated husk (Swamp:4)
  A meliai (shapeshifter) (Elf:1)
  A queen bee (shapeshifter) (Lair:5)
  4 polar bears
  19 starcursed masses (Abyss:3)
  2 hydra zombies
  10 trolls
  Prince Ribbit (D:9)
  A purple draconian skeleton (Crypt:3)
  2 hellwings (Abyss:3)
  A hornet (shapeshifter) (Vaults:4)
  13 hornets
  6 tyrant leeches
  12 blink frogs (Lair:5)
  A tarantella (shapeshifter) (Vaults:5)
  Grinder (D:3)
  A tarantella zombie (Crypt:1)
  2 harpy skeletons
  12 dream sheep (Lair:5)
  19 raiju (Abyss:3)
  4 flying skulls (Tomb:1)
  Sigmund (D:5)
  68 slime creatures
  4 air elementals
  22 large abominations
  A centaur simulacrum (Crypt:2)
  18 wraiths
  12 spriggans
  3 shadows
  2 ynoxinuls (Abyss:3)
  6 water elementals
  5 ushabtiu
  45 yaks
  2 vampires
  A human (shapeshifter) (Abyss:3)
  4 fire elementals
  7 golden eyes
  A redback (shapeshifter) (Depths:1)
  6 wyverns
  A basilisk (shapeshifter) (D:14)
  6 basilisks
  2 black mamba skeletons
  7 vampire mosquitoes
  6 redbacks (Depths:1)
  3 steam dragons
  5 chaos spawn (Abyss:3)
  6 neqoxecs (Abyss:3)
  20 swamp worms
  68 nagas
  2 faun zombies
  2 spatial vortices (Abyss:3)
  A merfolk zombie (Crypt:3)
  2 acid dragons (D:10)
  4 wargs
  A cane toad zombie (Crypt:3)
  9 water moccasins
  A two-headed ogre skeleton (Crypt:1)
  3 fire bat skeletons
  2 hell hounds (D:14)
  A meliai simulacrum (D:13)
  7 swamp drakes
  A glowing shapeshifter skeleton (Crypt:2)
  4 ice beasts
  2 black bears (shapeshifter)
  23 orc warriors
  A dream sheep zombie (Crypt:3)
  An ettin simulacrum (Abyss:3)
  A black bear (D:4)
  10 centaurs
  8 boggarts
  7 wolves
  5 ogres
  A rime drake zombie (Crypt:3)
  An elephant skeleton (Crypt:2)
  7 kobold brigands
  A phantom (D:5)
  A rime drake skeleton (Crypt:3)
  24 bullfrogs
  5 gnoll sergeants
  A salamander skeleton (Crypt:1)
  2 scorpions
  A yaktaur skeleton (Crypt:1)
  5 necrophages
  3 earth elementals
  11 wights
  12 small abominations (Abyss:3)
  A yak zombie (Crypt:1)
  A raiju zombie (Crypt:2)
  6 killer bees
  7 howler monkeys
  7 electric eels
  A bullfrog zombie (Crypt:2)
  2 jellies
  3 quasits
  A crimson imp (Abyss:3)
  2 basilisk zombies
  18 orc priests
  2 gnoll boudas
  3 hounds
  2 iron imps (Abyss:3)
  Jessica (D:3)
  A black bear skeleton (Crypt:1)
  4 iguanas
  Terence (D:3)
  27 orc wizards
  Natasha (thrice) (D:4)
  6 hell rats (Lair:1)
  A boggart skeleton (D:13)
  An ice beast zombie (Crypt:3)
  A naga skeleton (Crypt:2)
  8 mummies
  Robin (D:3)
  19 gnolls
  8 adders
  2 white imps
  3 ufetubi
  6 dart slugs
  85 orcs
  7 ball pythons
  8 endoplasms
  9 giant cockroaches
  11 hobgoblins
  13 jackals
  19 kobolds
  5 quokkas
  8 bats
  13 frilled lizards
  11 goblins
  2 rats
  11 starspawn tentacles (Abyss:3)
2199 creatures vanquished.

Vanquished Creatures (collateral kills)
  A war gargoyle (Vaults:5)
  A great orb of eyes (Slime:5)
  A two-headed ogre (shapeshifter) (Vaults:1)
  3 shining eyes
  2 yaktaurs (Vaults:5)
  3 slime creatures
  A spriggan (shapeshifter) (Vaults:5)
  A golden eye (Slime:5)
13 creatures vanquished.

Vanquished Creatures (others)
  A rockslime (Slime:3)
  2 nagarajas (Snake:4)
  A salamander tyrant (Snake:4)
  A centaur warrior (D:13)
  A naga warrior (Snake:1)
  A shock serpent (Snake:1)
  A naga sharpshooter (Snake:4)
  A deep elf archer (Elf:1)
  A deep elf pyromancer (Elf:1)
  A naga mage (Snake:4)
  A cane toad (Lair:5)
  A naga (Snake:1)
  A swamp drake (Swamp:4)
  An orc warrior (Vaults:5)
  A boggart (Vaults:1)
  A starcursed mass (Abyss:3)
  A small abomination (Abyss:3)
  2 gnolls
  2 orcs
  43 fungi
  2 lurking horrors (Abyss:3)
  103 plants
  44 starspawn tentacles (Abyss:3)
214 creatures vanquished.

Grand Total: 2426 creatures vanquished

Notes
Turn   | Place    | Note
-------+----------+-------------------------------------------
     0 | D:1      | holysushi the Vine Stalker Monk began the quest for the
                  | Orb.
     0 | D:1      | Reached XP level 1. HP: 11/11 MP: 2/2
   204 | D:1      | Reached XP level 2. HP: 16/16 MP: 3/3
   616 | D:2      | Reached XP level 3. HP: 12/19 MP: 4/4
  1453 | D:3      | Noticed Grinder
  1506 | D:3      | Gained mutation: Your natural rate of healing is unusually
                  | fast. [Vine Stalker growth]
  1506 | D:3      | Reached XP level 4. HP: 23/23 MP: 5/5
  1555 | D:3      | Noticed Jessica
  1569 | D:3      | Killed Jessica
  1765 | D:3      | Found a glowing drain.
  1806 | Sewer    | Entered a sewer
  1832 | Sewer    | Reached skill level 5 in Short Blades
  1863 | Sewer    | Reached XP level 5. HP: 27/27 MP: 6/6
  2182 | Sewer    | Reached XP level 6. HP: 27/32 MP: 4/7
  2671 | D:3      | Noticed Terence
  2694 | D:3      | Killed Terence
  2928 | D:3      | Paralysed by Grinder for 5 turns
  2938 | D:3      | Killed Grinder
  2939 | D:3      | Reached XP level 7. HP: 15/35 MP: 3/8
  3024 | D:3      | Found a burning altar of Makhleb.
  3024 | D:3      | Noticed a green death
  3027 | D:3      | Noticed a ynoxinul
  3027 | D:3      | Noticed an orange demon
  3079 | D:4      | Noticed Natasha
  3092 | D:4      | Killed Natasha
  3199 | D:4      | Noticed Natasha
  3209 | D:4      | Killed Natasha
  3353 | D:4      | Gained mutation: You have razor-sharp teeth. [Vine Stalker
                  | growth]
  3353 | D:4      | Reached XP level 8. HP: 39/39 MP: 9/9
  3431 | D:4      | Noticed Robin
  3469 | D:3      | Killed Robin
  3623 | D:4      | Noticed Natasha
  3635 | D:4      | Killed Natasha
  3772 | D:4      | Identified the +4 robe "Doddukk" {rF+ rN+}
  3934 | D:4      | Found a white marble altar of Elyvilon.
  3934 | D:4      | Found a shimmering altar of Xom.
  4254 | D:5      | Entered Level 5 of the Dungeon
  4415 | D:5      | Noticed Sigmund
  4418 | D:5      | Reached skill level 3 in Dodging
  4427 | D:5      | Killed Sigmund
  4474 | D:5      | Found a stormy altar of Qazlal.
  4484 | D:5      | Found an iron altar of Okawaru.
  4545 | D:5      | Found a staircase to the Ecumenical Temple.
  4647 | Temple   | Entered the Ecumenical Temple
  4748 | Temple   | Became a worshipper of Gozag Ym Sagoz the Greedy
  4828 | D:5      | Found a runed translucent door.
  4829 | D:5      | Noticed Crazy Yiuf
  5088 | D:5      | Reached skill level 4 in Dodging
  5839 | D:6      | Reached skill level 5 in Dodging
  5839 | D:6      | Reached XP level 9. HP: 42/43 MP: 10/10
  5894 | D:6      | Found Heuniniv's Vocational Training.
  6690 | D:6      | Reached skill level 6 in Dodging
  7043 | D:7      | Reached skill level 10 in Short Blades
  7444 | D:7      | Reached skill level 1 in Shields
  7620 | D:8      | Reached skill level 7 in Dodging
  7620 | D:8      | Reached skill level 1 in Spellcasting
  7666 | D:7      | Reached XP level 10. HP: 49/49 MP: 13/13
  7695 | D:8      | Noticed a two-headed ogre
  7708 | D:8      | Killed a two-headed ogre
  7973 | D:8      | Reached skill level 1 in Evocations
  8069 | D:8      | Found an ancient bone altar of Kikubaaqudgha.
  8222 | D:8      | Found a sacrificial altar of Ru.
  8373 | D:8      | Bought a polished ring mail for 288 gold pieces
  8373 | D:8      | Identified the +1 ring mail of Untruth {Drain rElec Will+
                  | Int+5} (You bought it in a shop on level 8 of the Dungeon)
  8450 | D:9      | Noticed Psyche
  8461 | D:9      | Killed Psyche
  8542 | D:9      | Noticed Prince Ribbit
  8559 | D:9      | Killed Prince Ribbit
  8604 | D:9      | Found a staircase to the Orcish Mines.
  8996 | D:9      | Noticed Maurice
  9132 | D:9      | Found a shimmering blue altar of Sif Muna.
  9132 | D:9      | Identified the +0 robe of the Accordion {rPois rC+ Str-3}
  9272 | D:9      | Noticed a manticore
  9292 | D:9      | Found a glowing golden altar of the Shining One.
  9391 | D:9      | Killed a manticore
  9450 | D:9      | Reached XP level 11. HP: 50/53 MP: 14/17
  9645 | D:9      | Noticed a two-headed ogre
  9666 | D:9      | Killed a two-headed ogre
  9834 | D:9      | Killed Maurice
 10160 | Orc:1    | Entered Level 1 of the Orcish Mines
 10160 | Orc:1    | Found Igefeok's Antique Weapon Boutique.
 10383 | D:9      | Identified a scroll of acquirement
 10383 | D:9      | Acquired the +0 pair of boots "Seulenk" {Fly rCorr Dex+4
                  | SInv}
 10407 | Orc:1    | Noticed an orc sorcerer
 10429 | Orc:1    | Killed an orc sorcerer
 10795 | Orc:2    | Entered Level 2 of the Orcish Mines
 10829 | Orc:2    | Noticed an orc knight
 10961 | Orc:1    | Killed an orc knight
 11129 | Orc:2    | Noticed an orc sorcerer
 11130 | Orc:2    | Found Cabuax's Distillery.
 11132 | Orc:2    | Noticed an orc sorcerer
 11135 | Orc:2    | Noticed an orc knight
 11139 | Orc:2    | Killed an orc sorcerer
 11141 | Orc:2    | Noticed an orc high priest
 11144 | Orc:2    | Reached skill level 8 in Dodging
 11148 | Orc:2    | Noticed an orc knight
 11150 | Orc:2    | Killed an orc sorcerer
 11151 | Orc:2    | Reached XP level 12. HP: 58/58 MP: 18/18
 11281 | Orc:2    | HP: 2/58 [orc knight/+0 bardiche (30)]
 11424 | Orc:2    | Found a staircase to the Elven Halls.
 11517 | Orc:2    | Found Nisuilakhi's Armour Shoppe.
 11798 | Orc:2    | Killed an orc high priest
 11799 | Orc:2    | Noticed an orc high priest
 11805 | Orc:2    | Noticed an orc high priest
 11806 | Orc:2    | Reached skill level 9 in Dodging
 11818 | Orc:2    | Noticed a sun demon
 11820 | Orc:2    | Noticed a soul eater
 11822 | Orc:2    | Killed an orc high priest
 11843 | Orc:2    | Killed an orc high priest
 11844 | Orc:2    | Reached skill level 10 in Dodging
 11956 | Orc:2    | Found Hegeuxua's Distillery.
 11960 | Orc:2    | Bought a potion of curing for 39 gold pieces
 11960 | Orc:2    | Bought a potion of curing for 39 gold pieces
 11960 | Orc:2    | Bought a potion of mutation for 104 gold pieces
 11960 | Orc:2    | Bought a potion of haste for 130 gold pieces
 11960 | Orc:2    | Bought a potion of curing for 39 gold pieces
 11960 | Orc:2    | Bought a potion of lignification for 39 gold pieces
 11963 | Orc:2    | Bought a potion of cancellation for 136 gold pieces
 11963 | Orc:2    | Bought a potion of invisibility for 136 gold pieces
 11963 | Orc:2    | Found Oleoga's Armour Shop.
 11965 | Orc:2    | Found Rielam's Magic Scroll Shoppe.
 11974 | Orc:2    | Bought a scroll of enchant weapon for 112 gold pieces
 11974 | Orc:2    | Bought a scroll of teleportation for 45 gold pieces
 11974 | Orc:2    | Bought a scroll of fear for 60 gold pieces
 11974 | Orc:2    | Bought a scroll of silence for 142 gold pieces
 11974 | Orc:2    | Bought a scroll of torment for 142 gold pieces
 11974 | Orc:2    | Bought a scroll of butterflies for 60 gold pieces
 12200 | D:10     | Entered Level 10 of the Dungeon
 12218 | D:10     | Found a broken altar of Ashenzari.
 12363 | D:10     | Found a blossoming altar of Fedhas.
 12390 | D:10     | Found a staircase to the Lair.
 12546 | D:10     | Reached skill level 5 in Spellcasting
 12548 | D:10     | Found a hazy altar of Hepliaklqana.
 12686 | D:10     | Found a bloodstained altar of Trog.
 12719 | D:10     | Found a basalt altar of Yredelemnul.
 13361 | D:11     | Noticed a boulder beetle
 13404 | D:11     | Killed a boulder beetle
 13501 | D:11     | Reached skill level 11 in Dodging
 13540 | D:11     | Reached XP level 13. HP: 59/61 MP: 23/23
 14477 | D:12     | Learned a level 1 spell: Apportation
 14481 | D:12     | Learned a level 3 spell: Mephitic Cloud
 14928 | D:12     | Reached skill level 12 in Dodging
 15611 | Lair:1   | Entered Level 1 of the Lair of Beasts
 16652 | Lair:2   | Identified the +0 robe of Eshyelow {rCorr Str+3}
 16994 | Lair:2   | Found a staircase to the Swamp.
 17006 | Lair:2   | Reached skill level 5 in Fighting
 17006 | Lair:2   | Reached XP level 14. HP: 63/68 MP: 28/28
 17122 | Lair:2   | Reached skill level 5 in Stealth
 18301 | Lair:3   | Found a staircase to the Snake Pit.
 18377 | Lair:3   | Noticed Nessos
 18396 | Lair:3   | Killed Nessos
 18397 | Lair:3   | Reached skill level 5 in Shields
 18988 | Lair:4   | Reached skill level 13 in Dodging
 19203 | Lair:4   | You are sucked into a shaft and drop 1 floor!
 19203 | Lair:5   | Entered Level 5 of the Lair of Beasts
 19308 | Lair:5   | Found a viscous altar of Jiyva.
 19308 | Lair:5   | Found a staircase to the Slime Pits.
 19750 | Lair:4   | Acquired 1163 gold pieces
 19757 | Lair:4   | Bought a glowing quick blade for 378 gold pieces
 19882 | Lair:5   | Reached skill level 14 in Dodging
 20051 | Lair:5   | Reached XP level 15. HP: 61/73 MP: 29/29
 20203 | Lair:5   | Reached skill level 15 in Dodging
 20340 | Lair:5   | Bought the +0 pair of gloves of Birdsong {rC+ Dex+6} for
                  | 528 gold pieces
 21513 | D:13     | Reached skill level 10 in Spellcasting
 21730 | D:13     | Identified the +6 mace "Sarcophage" {protect, rN+ Will+
                  | Int-2}
 21814 | D:13     | Found a stormy altar of Qazlal.
 22262 | D:13     | Reached XP level 16. HP: 81/81 MP: 31/31
 22502 | D:13     | Found a gate to the Vaults.
 22666 | D:14     | Reached skill level 16 in Dodging
 22723 | D:14     | Found a broken altar of Ashenzari.
 22769 | D:14     | Noticed Azrael
 22789 | D:14     | Killed Azrael
 23537 | D:15     | Entered Level 15 of the Dungeon
 23737 | D:15     | Found a staircase to the Depths.
 24028 | D:15     | Identified the amulet "Yqucaur" {RegenMP Fragile rElec
                  | rN++}
 24500 | Elf:1    | Entered Level 1 of the Elven Halls
 24875 | Elf:1    | Paralysed by an air elemental for 1 turns
 24881 | Elf:1    | Paralysed by an air elemental for 1 turns
 25149 | Elf:1    | Found a runed translucent gate.
 25149 | Elf:1    | Found a runed translucent gate.
 25149 | Elf:1    | Found a runed translucent gate.
 25149 | Elf:1    | Found a runed translucent gate.
 25149 | Elf:1    | Found a runed translucent gate.
 25150 | Elf:1    | Found a runed translucent gate.
 25211 | Elf:1    | Found Boomalyne's Antique Armour Shop.
 25305 | Elf:1    | Reached XP level 17. HP: 85/85 MP: 34/34
 25879 | Elf:2    | Found a huge runed translucent gate.
 25879 | Elf:2    | Found a huge runed translucent gate.
 25879 | Elf:2    | Found a huge runed translucent gate.
 25896 | Elf:2    | Found a huge runed translucent gate.
 25904 | Elf:2    | Found a huge runed translucent gate.
 26148 | Elf:2    | Reached skill level 17 in Dodging
 26192 | Elf:2    | Identified the +6 scale mail "Tionlid" {Rampage}
 26279 | Elf:2    | Paralysed by an air elemental for 1 turns
 26427 | Elf:3    | Entered Level 3 of the Elven Halls
 26433 | Elf:3    | Found Imofefat's Antique Weapon Emporium.
 26778 | Elf:3    | Found Tebiax's Overcharged Wands.
 26785 | Elf:3    | Bought a wand of quicksilver (18) for 1134 gold pieces
 26785 | Elf:3    | Bought a wand of paralysis (18) for 648 gold pieces
 26982 | Elf:3    | Got The Hermit's Heritage and You
 27076 | Elf:3    | Noticed a Hell Sentinel
 27080 | Elf:3    | Noticed a Brimstone Fiend
 27236 | Elf:3    | Noticed a deep elf master archer
 27509 | Elf:3    | Identified the ring "Jiruhy" {rPois rCorr}
 27539 | Elf:3    | Killed a deep elf master archer
 27596 | Elf:3    | Identified the ring "Nyh Jeus" {rPois rF+ Will+}
 27606 | Elf:3    | Identified the ring of Pueren Utri {rPois Int+4 Stlth-}
 27615 | Abyss:3  | Cast into level 3 of the Abyss (a deep elf sorcerer)
 27690 | Elf:3    | Escaped the Abyss
 27696 | Elf:3    | Noticed a Brimstone Fiend
 27698 | Elf:3    | Identified the +9 quarterstaff of the Hierophant {venom,
                  | rCorr Int+4}
 27730 | Elf:3    | Reached XP level 18. HP: 90/90 MP: 37/37
 27748 | Elf:3    | Noticed a Tzitzimitl
 27790 | Abyss:3  | Cast into level 3 of the Abyss (a deep elf sorcerer)
 27828 | Abyss:3  | Found a corrupted altar of Lugonu.
 27832 | Abyss:3  | Found a corrupted altar of Lugonu.
 27832 | Abyss:3  | Found a corrupted altar of Lugonu.
 27884 | Abyss:3  | Noticed a lich
 27899 | Abyss:3  | Killed a lich
 27920 | Abyss:3  | Found a corrupted altar of Lugonu.
 27928 | Abyss:3  | Noticed a bone dragon
 27997 | Elf:3    | Escaped the Abyss
 28009 | Elf:3    | Reached skill level 5 in Evocations
 28079 | Elf:3    | Identified the +0 scale mail of Pleasant Breezes {Str+2
                  | Slay+3}
 28086 | Elf:3    | Identified the +1 whip "Futhru Igenwu" {heavy, rF+++}
 28140 | Elf:3    | Got the Cyclopedia of Baleful Malevolent Rituals
 28720 | Depths:1 | Entered Level 1 of the Depths
 28762 | Depths:1 | Reached skill level 10 in Shields
 28976 | Depths:1 | Found a one-way gate to the infinite horrors of the Abyss.
 28995 | Depths:1 | Found a shimmering blue altar of Sif Muna.
 29012 | Depths:1 | Voluntarily entered the Abyss.
 29120 | Abyss:3  | Found a corrupted altar of Lugonu.
 29167 | Abyss:3  | Found a corrupted altar of Lugonu.
 29507 | Abyss:3  | Found a corrupted altar of Lugonu.
 29591 | Depths:1 | Escaped the Abyss
 29806 | Depths:1 | Noticed a tentacled monstrosity
 29806 | Depths:1 | Noticed a tentacled monstrosity
 29831 | Depths:1 | Killed a tentacled monstrosity
 29964 | Depths:1 | Reached skill level 10 in Stealth
 29986 | Depths:1 | Found a one-way gate leading to the halls of Pandemonium.
 30044 | Depths:1 | Reached skill level 18 in Dodging
 30193 | Depths:1 | Found a gateway to Hell.
 30303 | Depths:1 | Killed a tentacled monstrosity
 30658 | Depths:1 | Voluntarily entered the Abyss.
 30880 | Abyss:3  | Reached XP level 19. HP: 59/93 MP: 38/38
 31376 | Abyss:3  | Gained mutation: You have hidden genetic defects. [a
                  | neqoxec]
 31426 | Abyss:3  | Found a corrupted altar of Lugonu.
 31433 | Abyss:3  | Found a corrupted altar of Lugonu.
 31519 | Abyss:3  | Noticed a bone dragon
 31589 | Abyss:3  | Killed a bone dragon
 31705 | Abyss:3  | Paralysed by accursed screaming for 1 turns
 31749 | Abyss:3  | Found a runed translucent door.
 31750 | Abyss:3  | Found a runed translucent door.
 31751 | Abyss:3  | Found a runed translucent door.
 31752 | Abyss:3  | Found a runed translucent door.
 31753 | Abyss:3  | Found a runed translucent door.
 31753 | Abyss:3  | Found a runed translucent door.
 31754 | Abyss:3  | Found a runed translucent door.
 31754 | Abyss:3  | Found a runed translucent door.
 31755 | Abyss:3  | Noticed a hellephant
 31769 | Abyss:3  | Found a runed translucent door.
 31779 | Abyss:3  | Found a runed translucent door.
 31779 | Abyss:3  | Found a runed translucent door.
 31782 | Abyss:3  | Found a runed translucent door.
 31782 | Abyss:3  | Found a runed translucent door.
 31782 | Abyss:3  | Found a runed translucent door.
 31782 | Abyss:3  | Found a runed translucent door.
 31783 | Abyss:3  | Found a runed translucent door.
 31784 | Abyss:3  | Found a runed translucent door.
 31797 | Abyss:3  | Found a runed translucent door.
 31802 | Abyss:3  | Found a runed translucent door.
 31819 | Abyss:3  | Found a runed translucent door.
 31819 | Abyss:3  | Found a runed translucent door.
 31821 | Abyss:3  | Found a runed translucent door.
 31823 | Abyss:3  | Gained mutation: You are weak. (Str -2) [hidden defects]
 31848 | Abyss:3  | Found a runed translucent door.
 31850 | Abyss:3  | Found a runed translucent door.
 31853 | Abyss:3  | Found a runed translucent door.
 31854 | Abyss:3  | Found a runed translucent door.
 31854 | Abyss:3  | Noticed a hellephant
 31855 | Abyss:3  | Found a corrupted altar of Lugonu.
 31856 | Abyss:3  | Found a runed translucent door.
 31856 | Abyss:3  | Found a runed translucent door.
 31905 | Abyss:3  | Found a runed translucent door.
 31923 | Abyss:3  | Found a runed translucent door.
 31938 | Abyss:3  | Noticed a bone dragon
 31967 | Abyss:3  | Killed a bone dragon
 31973 | Abyss:3  | Noticed a pearl dragon
 31993 | Abyss:3  | Found a runed translucent door.
 31993 | Abyss:3  | Found a runed translucent door.
 31994 | Abyss:3  | Found a runed translucent door.
 31995 | Abyss:3  | Found a runed translucent door.
 32000 | Abyss:3  | Got an abyssal rune of Zot
 32012 | Abyss:3  | Found a runed translucent door.
 32014 | Abyss:3  | Found a runed translucent door.
 32019 | Abyss:3  | Found a runed translucent door.
 32020 | Abyss:3  | Found a runed translucent door.
 32022 | Abyss:3  | Found a runed translucent door.
 32042 | Abyss:3  | Gained mutation: You sometimes lose your temper in combat.
                  | [a neqoxec]
 32054 | Abyss:3  | Killed a pearl dragon
 32055 | Abyss:3  | Reached skill level 15 in Shields
 32112 | Abyss:3  | Killed a hellephant
 32122 | Abyss:3  | Found a runed translucent door.
 32131 | Abyss:3  | Found a runed translucent door.
 32135 | Abyss:3  | Gained mutation: Your body sometimes deteriorates upon
                  | taking damage. [hidden defects]
 32135 | Abyss:3  | Lost mutation: You have hidden genetic defects. [hidden
                  | defects expressed]
 32148 | Abyss:3  | Found a runed translucent door.
 32165 | Abyss:3  | Found a runed translucent door.
 32265 | Depths:1 | Escaped the Abyss
 32704 | Slime:1  | Entered Level 1 of the Pits of Slime
 32734 | Slime:1  | Gained mutation: You have hidden genetic defects. [a
                  | shining eye]
 32740 | Slime:1  | Gained mutation: Your spells are a little easier to cast,
                  | but a little less powerful. [a shining eye]
 32857 | Slime:2  | Reached XP level 20. HP: 91/98 MP: 39/39
 33389 | Slime:5  | Entered Level 5 of the Pits of Slime
 33505 | Slime:3  | Gained mutation: You are dopey. (Int -2) [hidden defects]
 33771 | Slime:5  | Noticed the Royal Jelly
 34184 | Slime:5  | Found a viscous altar of Jiyva.
 34221 | Slime:5  | Killed the Royal Jelly
 34233 | Slime:5  | Gained mutation: You have terrible hidden genetic defects.
                  | [hidden defects]
 34233 | Slime:5  | Lost mutation: You have terrible hidden genetic defects.
                  | [hidden defects expressed]
 34372 | Slime:5  | Identified the amulet "Suh Ekid" {Faith +Blink Fly Will++
                  | Str+2}
 34376 | Slime:5  | Got a slimy rune of Zot
 34487 | Slime:5  | Reached skill level 10 in Fighting
 34741 | Snake:1  | Entered Level 1 of the Snake Pit
 35001 | Snake:1  | Found Nifoimpo's Antique Weapon Emporium.
 35347 | Snake:1  | Noticed Aizul
 35362 | Snake:1  | Killed Aizul
 35377 | Snake:1  | Found Ymmuax's Assorted Antiques.
 35377 | Snake:1  | Found Ceisaudgh's Assorted Antiques.
 35394 | Snake:1  | Gained mutation: You occasionally lose the ability to drink
                  | potions when taking damage. [hidden defects]
 35408 | Snake:1  | Lost mutation: You sometimes lose your temper in combat.
                  | [potion of mutation]
 35408 | Snake:1  | Lost mutation: Your spells are a little easier to cast, but
                  | a little less powerful. [potion of mutation]
 35408 | Snake:1  | Lost mutation: You occasionally lose the ability to drink
                  | potions when taking damage. [potion of mutation]
 35408 | Snake:1  | Gained mutation: You are partially covered in iridescent
                  | scales. (AC +2) [potion of mutation]
 35408 | Snake:1  | Gained mutation: You have a pair of small horns on your
                  | head. [potion of mutation]
 35409 | Snake:1  | Lost mutation: Your body sometimes deteriorates upon taking
                  | damage. [potion of mutation]
 35409 | Snake:1  | Lost mutation: You are partially covered in iridescent
                  | scales. (AC +2) [potion of mutation]
 35409 | Snake:1  | Gained mutation: You are partially covered in iridescent
                  | scales. (AC +2) [potion of mutation]
 35410 | Snake:1  | Lost mutation: You have a pair of small horns on your head.
                  | [potion of mutation]
 35410 | Snake:1  | Lost mutation: You are dopey. (Int -2) [potion of mutation]
 35410 | Snake:1  | Lost mutation: You have hidden genetic defects. [potion of
                  | mutation]
 35410 | Snake:1  | Gained mutation: You possess an exceptional clarity of
                  | mind. [potion of mutation]
 35416 | Snake:1  | Bought a scroll of enchant weapon for 180 gold pieces
 35423 | Snake:1  | Bought a scroll of teleportation for 75 gold pieces
 35423 | Snake:1  | Bought a scroll of teleportation for 75 gold pieces
 35423 | Snake:1  | Bought a wand of digging (6) for 630 gold pieces
 35423 | Snake:1  | Bought a potion of haste for 250 gold pieces
 35596 | Snake:2  | Noticed Roxanne
 35927 | Snake:2  | Found a transporter.
 35964 | Snake:2  | Found a transporter.
 36052 | Snake:2  | Found a bloodstained altar of Trog.
 36052 | Snake:2  | Noticed Uvorix's ghost (journeyman DrRe)
 36208 | Snake:2  | Reached skill level 10 in Evocations
 36529 | Snake:2  | Reached XP level 21. HP: 101/109 MP: 38/40
 36661 | Snake:2  | Killed Roxanne
 38005 | Snake:4  | Entered Level 4 of the Snake Pit
 38005 | Snake:4  | Noticed Vashnia
 38039 | Snake:3  | Killed Vashnia
 38738 | Snake:4  | Found Yczaopeon's Book Shop.
 38740 | Snake:4  | Found Qoggir's Assorted Antiques.
 38742 | Snake:4  | Found Usaeh's Antique Weapon Shop.
 38748 | Snake:4  | Bought a transparent bronze ring for 195 gold pieces
 38748 | Snake:4  | Identified the ring of Maacladgh {Ice rN+ Will- Str+3
                  | Int+5} (You bought it in a shop on level 4 of the Snake
                  | Pit)
 38820 | Snake:4  | Noticed Louise
 38838 | Snake:4  | Killed Louise
 38885 | Snake:4  | Found a glowing silver altar of Zin.
 38900 | Snake:4  | Noticed Saint Roka
 38927 | Snake:4  | Killed Saint Roka
 39437 | Snake:4  | Got a serpentine rune of Zot
 39862 | Snake:4  | Bought a +6 ring of dexterity for 540 gold pieces
 40169 | Swamp:1  | Entered Level 1 of the Swamp
 40712 | Swamp:2  | Found a transporter.
 40763 | Swamp:2  | Noticed Naurph's ghost (adept DjVM)
 40768 | Swamp:2  | Found a transporter.
 40918 | Swamp:2  | You are sucked into a shaft and drop 1 floor!
 41128 | Swamp:3  | Identified the +10 short sword of Yfauwn {vamp, Int+3}
 41252 | Swamp:3  | Reached XP level 22. HP: 115/115 MP: 41/41
 41503 | Swamp:4  | Entered Level 4 of the Swamp
 42179 | Swamp:4  | Reached skill level 15 in Spellcasting
 42180 | Swamp:4  | Noticed the 27-headed Lernaean hydra
 42482 | Vaults:1 | Entered Level 1 of the Vaults
 43316 | Vaults:1 | Reached skill level 19 in Dodging
 43605 | Vaults:1 | Found Gozag's Antique Armour Boutique.
 43611 | Vaults:1 | Found an opulent altar of Gozag.
 43612 | Vaults:1 | Found Gozag's Antique Weapon Shop.
 43630 | Vaults:1 | Found Gozag's Antique Armour Shop.
 44550 | Vaults:2 | Reached skill level 15 in Stealth
 44569 | Vaults:2 | Reached XP level 23. HP: 86/119 MP: 43/43
 44767 | Vaults:2 | Found Ommij's Antique Weapon Shoppe.
 44838 | Vaults:2 | Identified the +7 flail of Pearis {distort, Fragile rN+
                  | MP+9 Str+5}
 45048 | Vaults:2 | Found a radiant altar of Vehumet.
 45071 | Vaults:2 | Identified the +2 hat of Hadjma {Int+8}
 45072 | Vaults:2 | Identified the +0 hat of the Elven Halls {Dex+4}
 45074 | Vaults:2 | Identified the +1 robe "Poomil" {rC- rCorr SInv}
 45814 | Vaults:3 | Found a staircase to the Crypt.
 46802 | Vaults:4 | Found Unluh's Antique Armour Boutique.
 46910 | Vaults:4 | Identified the +8 rapier "Goirof" {flame, rC+}
 47864 | Vaults:5 | Entered Level 5 of the Vaults
 47872 | Vaults:5 | Reached skill level 20 in Dodging
 47872 | Vaults:5 | Reached XP level 24. HP: 85/124 MP: 32/45
 47877 | Vaults:5 | Noticed an ancient lich
 47898 | Vaults:5 | Killed an ancient lich
 48438 | Vaults:5 | Identified the -1 helmet "Jopa Maitto" {rPois rC+ Dex+2}
 48467 | Vaults:5 | Identified the +8 shortbow "Dragonslayer" {freeze, rElec}
 48580 | Vaults:5 | Acquired 750 gold pieces
 48604 | Vaults:5 | Got a silver rune of Zot
 48610 | Vaults:5 | Identified the amulet "Woseanin" {Reflect Fragile Int+9
                  | SH+5}
 48725 | Vaults:5 | Identified the +2 robe of Unbearable the Good {rC+ Slay+3}
 49000 | Vaults:5 | Learned a level 3 spell: Vhi's Electric Charge
 49005 | Vaults:5 | Learned a level 4 spell: Manifold Assault
 49010 | Vaults:5 | Learned a level 4 spell: Passage of Golubria
 49016 | Vaults:5 | Learned a level 5 spell: Yara's Violent Unravelling
 49205 | Vaults:5 | Got Betoad's Guidebook on the Fetching Lungs
 49217 | Vaults:5 | Identified the +7 ring mail "Paxared" {-Cast rC++ rCorr
                  | SInv}
 49218 | Vaults:5 | Identified the +0 crystal plate armour "Langopece" {+Blink
                  | Regen+ Str-3 Dex+7}
 49349 | Vaults:5 | Identified the +4 chain mail "Duagih" {rN+}
 49355 | Vaults:5 | Identified the +0 plate armour "Yruith" {Int+4}
 49610 | Crypt:1  | Entered Level 1 of the Crypt
 49695 | Crypt:1  | Reached skill level 1 in Translocations
 50644 | Crypt:2  | Reached XP level 25. HP: 128/128 MP: 46/46
 51199 | Crypt:2  | Noticed Zenata
 51206 | Crypt:2  | Killed Zenata
 51521 | Crypt:3  | Entered Level 3 of the Crypt
 51618 | Crypt:3  | Reached skill level 5 in Translocations
 51968 | Crypt:3  | Noticed an ancient lich
 51985 | Crypt:3  | Killed an ancient lich
 51986 | Crypt:3  | Reached skill level 21 in Dodging
 52333 | Crypt:3  | Found a basalt altar of Yredelemnul.
 52603 | Crypt:3  | Paralysed by a vampire knight for 5 turns
 52699 | Crypt:3  | Found the +8 longbow "Zephyr" {speed, Dex+3 SInv}
 52716 | Crypt:3  | Identified the +3 ring mail of Death's Door {Int+3}
 52823 | Crypt:3  | Found the +13 scythe of Curses {drain, curses, Drain}
 53251 | Crypt:3  | Found a staircase to the Tomb.
 53262 | Tomb:1   | Entered Level 1 of the Tomb of the Ancients
 53480 | Tomb:1   | Learned a level 2 spell: Blink
 54198 | Tomb:2   | Noticed a royal mummy
 54201 | Tomb:2   | Noticed a royal mummy
 54365 | Tomb:2   | Noticed a royal mummy
 54365 | Tomb:2   | Noticed a royal mummy
 54377 | Tomb:2   | Killed a royal mummy
 54383 | Tomb:2   | Killed by an exploding bennu... ignited by themself

Illustrated notes

Levels and vault maps discovered:
D:1:      minmay_arrival_arboretum_large, layout_basic, solitary_fountain
D:2:      layout_loops_ring, serial_forest, infiniplex_forest_lined_2,
          infiniplex_forest_fountain, infiniplex_forest_lined_corner,
          infiniplex_forest_end_3, infiniplex_forest_corner_1,
          infiniplex_forest_lined_room_2, infiniplex_forest_clump_curved,
          minmay_misc_feat_pillars
D:3:      layout_basic, makhleb_altar_promises_db, portal_sewer_entry_f,
          minmay_goblin_kobold_house, uniq_grinder, uniq_terence, uniq_jessica
D:4:      layout_basic, gammafunk_temple_overflow_statue, uniq_robin,
          uniq_natasha
D:5:      layout_cave_pods, minitemple, minmay_temple_entry_fiery,
          uniq_crazy_yiuf_cottage, uniq_sigmund
D:6:      layout_cave_pods, dk_noncrumbling_4, nicolae_shop_vocational
D:7:      layout_basic
D:8:      layout_basic, mainiacjoe_overflow_six_doors_small,
          nicolae_ru_sacrificial_ziggurat, serial_aquarium,
          aquarium_bridge_square [aquarium_subvault_window,
          aquarium_subvault_bridge, aquarium_subvault_window,
          aquarium_subvault_wall], aquarium_bridge_straight
          [aquarium_subvault_bridge, aquarium_subvault_wall,
          aquarium_subvault_bridge, aquarium_subvault_wall], aquarium_window_1,
          aquarium_window_corridor_1, aquarium_view_2e, aquarium_view_2e,
          aquarium_balcony_double_1, st_stairs_4
D:9:      minmay_bubble_buster, layout_gridville, tso_oasis_becter,
          old_standard_altar, david_orc_3, minmay_alternating_orb,
          uniq_prince_ribbit1, uniq_psyche, uniq_maurice
D:10:     layout_irregular_city, mainiacjoe_overflow_paths, lemuel_doored_altar,
          kennysheep_mini_moat, grunt_temple_overflow_open, david_lair_generic
D:11:     layout_roguey, mrwooster_statue_mirror
D:12:     layout_basic, st_stairs_7
D:13:     minmay_the_grid_octo_tiled_octocenter
          [minmay_the_grid_octo_vomiting_pacman,
          minmay_the_grid_octo_thin_diamonds, minmay_the_grid_octo_clover_2,
          minmay_the_grid_octo_checkered,
          minmay_the_grid_octo_prize_ultimate_mussel_roller,
          minmay_the_grid_square_5x5_half_checkered,
          minmay_the_grid_square_5x5_moneybag, minmay_the_grid_square_5x5_lines,
          minmay_the_grid_square_5x5_misaligned], layout_basic,
          hangedman_vaults_entry_quadrant_bands
D:14:     layout_long_grid, evilmike_ruin_ashenzari, uniq_azrael
D:15:     grunt_enter_depths_hoard, layout_loops_ring,
          chequers_serial_rivers_micro_d
Temple:   nicolae_temple_two_arcs
Lair:1:   layout_chaotic_city, grunt_megastairs_5, infiniplex_staircase_pool_2
Lair:2:   layout_cellular_growth, palyth_hydra_swamp_entry
Lair:3:   layout_cave_pods, minmay_snake_entry_guardpost_medium,
          serial_bayou_crossing, lemuel_fruit_tree, uniq_nessos
Lair:4:   layout_hall_layers, minmay_stone_trees_small
Lair:5:   minmay_lair_end_frog_pond, layout_loops_ring,
          minmay_slime_entry_oklob_enclosed
Swamp:1:  layout_falls_marsh, serial_swamp_ruin, evilmike_swamp_ruin_house_6,
          evilmike_swamp_ruin_house_2, evilmike_swamp_ruin_house_1, swamp_pool5
Swamp:2:  layout_basic_swamp, gammafunk_ghost_abyssal_escape,
          hangedman_swamp_pad, swamp_pool2
Swamp:3:  layout_basic_swamp, evilmike_swamp_ruin_wall, swamp_pool2,
          nicolae_swamp_some_circles
Swamp:4:  swamp_old_school, layout_basic_swamp, swamp_pool1,
          cheibrodos_swamp_pet_leeches
Snake:1:  layout_grid_shapes, serial_shops, shop, corexii_hall_statues_s,
          st_stairs_4, nrook_guardian_serpent_ordinary, grunt_megastairs_2,
          minmay_shoptagon, uniq_aizul
Snake:2:  layout_basic, gammafunk_ghost_wrathful_warriors, drop_trap,
          grunt_megastairs_4, uniq_roxanne
Snake:3:  layout_rooms, serial_bayou_shore_b, grunt_megastairs_1,
          serial_bayou_shore_b
Snake:4:  snake_hunt, layout_cave_town, basic_altar, grunt_ministairs_12,
          minmay_shop_star, uniq_vashnia, uniq_saint_roka, uniq_louise
Slime:1:  layout_caves
Slime:2:  layout_caves
Slime:3:  layout_caves
Slime:4:  layout_caves
Slime:5
Orc:1:    layout_caves, serial_shops, shop
Orc:2:    st_orc_elflike, layout_caves, serial_shops, nicolae_shop_stone
Elf:1:    layout_loops_cross, serial_shops, nicolae_shop_overgrown_old_shop,
          orc_legates
Elf:2:    elven_hall_of_blades_hangedman_alternative
          [mumra_blade_entry_bloodbath], layout_geoelf_diagonals
Elf:3:    minmay_elf_hall_x, layout_geoelf_grid, serial_shops, shop,
          nicolae_shop_overcharged_wands, roderic_lattice_octagonal_star
Vaults:1: vaults_room_ringed_pool, nicolae_vaults_three_branches,
          nicolae_vaults_big_angled_halls, hangedman_vaults_slice,
          nicolae_vaults_big_ls, hangedman_vaults_cutoff, v_misc_30,
          vaults_mumra_lcd, hangedman_vaults_stagger,
          vaults_dpeg_emergency_exit, v_misc_25, vaults_room_pools,
          kennysheep_vaults_gozag_temple, layout_vaults_omnibox
Vaults:2: v_misc_27, hangedman_vaults_variations, grunt_tower_of_power,
          v_alt_pattern_1, hangedman_vaults_capsules, ontoclasm_vaults_spin,
          v_misc_9, hangedman_vaults_maws, layout_vaults_omnicross,
          serial_shops, nicolae_shop_waterfront
Vaults:3: vaults_room_pool, nicolae_vaults_little_squares_2,
          vaults_room_hangedman_quadrants, grunt_vaults_hallway_short,
          nicolae_vaults_little_squares_2, minmay_crypt_entry_nasty_monster,
          nicolae_vaults_little_squares_6, grunt_vaults_hallway_short,
          grunt_vaults_funnel, layout_vaults_omnigrid
Vaults:4: ontoclasm_vaults_ring_square, nicolae_vaults_shelves_hall,
          vaults_room_large_hall, hangedman_vaults_trim,
          nicolae_vaults_network_s, nicolae_vaults_hallways_thing,
          vaults_room_pools, v_misc_23, grunt_vaults_hallway_long,
          ontoclasm_vaults_shuriken, v_rooms_2, hangedman_vaults_stream,
          v_misc_26, layout_vaults_maze, serial_shops, nicolae_diamond_shop
Vaults:5
Crypt:1:  layout_misc_corridors
Crypt:2:  layout_misc_corridors, uniq_zenata
Crypt:3:  church_of_pain_bobbens, layout_chaotic_city, tomb_entry_simple_bobbens
Tomb:1:   uniq_mennas
Tomb:2
Depths:1: layout_roguey, abyss_entry, nicolae_sif_muna_condensation, hell_entry,
          pan_entry, serial_aquarium, aquarium_bridge_square
          [aquarium_subvault_bridge, aquarium_subvault_bridge,
          aquarium_subvault_window, aquarium_subvault_bridge],
          aquarium_bridge_square [aquarium_subvault_bridge,
          aquarium_subvault_bridge, aquarium_subvault_balcony,
          aquarium_subvault_bridge], aquarium_window_1, aquarium_window_corner,
          aquarium_view_2d, aquarium_balcony_1b, aquarium_pool_2, drop_trap,
          dispersion_dpeg

Skill      XL: |  1  2  3  4  5  6  7  8  9 10 11 12 13 14 15 16 17 18 19 20 21 22 23 24 25 |
---------------+----------------------------------------------------------------------------+-----
Short Blades   | 3 4 5 6 7 8 9 10 11 14 | 14.0
Dodging        | 5 7 8 11 12 14 15 16 17 18 19 20 21 | 21.3
Fighting       | 3 4 5 6 8 11 12 | 12.0
Shields        | 1 3 4 5 7 9 12 16 17 18 19 20 | 20.4
Spellcasting   | 1 3 6 9 10 12 14 15 17 18 19 | 19.5
Evocations     | 3 4 6 10 | 10.0
Stealth        | 4 6 7 10 12 15 16 | 16.0
Translocations | 3 7 |  7.6

Action                     |  1- 3 |  4- 6 |  7- 9 | 10-12 | 13-15 | 16-18 | 19-21 | 22-24 | 25-27 || total
---------------------------+-------+-------+-------+-------+-------+-------+-------+-------+-------++-------
  Melee: Short sword       |   101 |   237 |   119 |       |       |       |       |       |       ||   457
         Bite              |    23 |    64 |   167 |   462 |   671 |   817 |  1311 |  1253 |   578 ||  5346
         Rapier            |       |       |   374 |  1008 |  1397 |  1618 |  2315 |  1986 |   906 ||  9604
         Unarmed           |       |       |       |     3 |       |       |       |       |       ||     3
   Cast: Apportation       |       |       |       |       |       |       |     1 |       |       ||     1
         Vhi's Electric Ch |       |       |       |       |       |       |       |       |     1 ||     1
 Invoke: Call Merchant     |       |       |       |     1 |     4 |     1 |     1 |       |       ||     7
         Potion Petition   |       |       |       |       |       |     1 |     9 |     4 |     3 ||    17
  Evoke: Wand              |       |     5 |     1 |    23 |    14 |     6 |    10 |       |       ||    59
         Box of beasts     |       |       |       |       |       |     1 |     2 |       |       ||     3
         Condenser vane    |       |       |       |       |       |     1 |     1 |     2 |     1 ||     5
         Phantom mirror    |       |       |       |       |       |       |     1 |       |       ||     1
    Use: Scroll            |     7 |     2 |     4 |    13 |     7 |    10 |     7 |     7 |     2 ||    59
         Potion            |       |       |       |     5 |     1 |     5 |     3 |     1 |     2 ||    17
   Stab: Sleeping          |     3 |       |     4 |     2 |    17 |    18 |    56 |    64 |    35 ||   199
         Distracted        |       |     1 |     1 |     6 |    19 |    25 |    32 |    35 |    15 ||   134
         Petrifying        |       |       |       |     2 |     3 |     2 |     7 |     6 |       ||    20
         Confused          |       |       |       |       |    10 |    13 |    21 |    14 |     9 ||    67
         Petrified         |       |       |       |       |    10 |       |       |       |       ||    10
         Paralysed         |       |       |       |       |     2 |     1 |     6 |     3 |     1 ||    13
         Invisible         |       |       |       |       |       |       |    10 |     1 |       ||    11
 Armour: Robe              |    19 |    48 |    80 |   100 |   107 |    86 |    62 |    76 |    26 ||   604
         Skin              |       |     2 |       |       |       |       |       |       |       ||     2
  Dodge: Dodged            |    54 |   100 |   236 |   401 |   668 |   832 |   996 |  1256 |   275 ||  4818
  Block: Buckler           |    15 |    65 |   109 |   419 |   718 |    33 |       |       |       ||  1359
         Reflection        |       |       |       |     8 |    37 |    79 |   208 |    79 |     3 ||   414
         Other             |       |       |       |     1 |       |       |       |       |       ||     1
         Kite shield       |       |       |       |       |       |   660 |       |       |       ||   660
         Tower shield      |       |       |       |       |       |   801 |  3123 |  3006 |  1098 ||  8028

Table legend: (Time is in decaauts)
 A = Elapsed time spent in this place.
 B = Non-inter-level travel time spent in this place.
 C = Inter-level travel time spent in this place.
 D = Time resting spent in this place.
 E = Time spent auto-exploring this place.
 F = Levels seen in this place.
 G = Mean time per level.
                   A        B        C        D        E       F      G
               +--------+--------+--------+--------+--------+-----+--------+
         Total |  51132 |  48112 |   3020 |   2979 |  26954 |  55 |  929.7 |
       Dungeon |  16249 |  15029 |   1220 |    809 |   9714 |  15 | 1083.3 |
        Temple |    111 |    111 |      0 |      0 |     83 |   1 |  111.0 |
          Lair |   5879 |   5071 |    808 |     60 |   3404 |   5 | 1175.8 |
         Swamp |   2021 |   1964 |     57 |     40 |   1294 |   4 |  505.2 |
     Snake Pit |   5021 |   4842 |    179 |    388 |   2853 |   4 | 1255.2 |
    Slime Pits |   1796 |   1726 |     70 |    412 |    295 |   5 |  359.2 |
  Orcish Mines |   1795 |   1608 |    187 |    202 |    807 |   2 |  897.5 |
   Elven Halls |   3420 |   3274 |    146 |    464 |   1600 |   3 | 1140.0 |
        Vaults |   6575 |   6368 |    207 |     66 |   4074 |   5 | 1315.0 |
         Crypt |   3259 |   3218 |     41 |     24 |   1890 |   3 | 1086.3 |
          Tomb |   1070 |   1008 |     62 |    180 |    428 |   2 |  535.0 |
        Depths |   1258 |   1220 |     38 |    126 |    460 |   1 | 1258.0 |
         Abyss |   2203 |   2203 |      0 |    103 |     20 |   4 |  550.8 |
         Sewer |    469 |    469 |      0 |    102 |     31 |   1 |  469.0 |
               +--------+--------+--------+--------+--------+-----+--------+

Top non-repeatable levels by time:
 Abyss:3: 2203 daAuts
     D:9: 1780 daAuts
  Lair:5: 1755 daAuts
   Elf:3: 1584 daAuts
 Crypt:3: 1550 daAuts
 Snake:2: 1533 daAuts
Vaults:5: 1425 daAuts
 Snake:4: 1361 daAuts
Vaults:1: 1354 daAuts
  Lair:2: 1351 daAuts
    D:11: 1349 daAuts
 Snake:3: 1341 daAuts
Vaults:2: 1334 daAuts
    D:13: 1283 daAuts
Vaults:4: 1275 daAuts
